 Dungeon Crawl Stone Soup version 0.28.0-45-g0d030f2227 (webtiles) character file.

Game seed: 12562728772894315895

22634 themarg the Blocker (level 11, -2/129 HPs)
             Began as a Gnoll Transmuter on Apr 2, 2022.
             Was a High Priest of Ru.
             Slain by a cane toad (10 damage)
             ... on level 2 of the Lair of Beasts on Apr 8, 2022.
             The game lasted 02:20:56 (20696 turns).

themarg the Blocker (Gnoll Transmuter)             Turns: 20696, Time: 02:20:56

Health: -2/129     AC: 25    Str:  9    XL:     11   Next: 1%
Magic:  23/24      EV:  2    Int: 21    God:    Ru [*****.]
Gold:   718        SH:  0    Dex: 14    Spells: 11/28 levels left

rFire   . . .      SeeInvis +   h - +11 hunting sling "Antalaj" {freeze, Will++ rCorr Int+3 Dex+4}
rCold   . . .      Faith    .   (no shield)
rNeg    . . .      Spirit   .   (armour currently unavailable)
rPois   +          Reflect  .   (helmet currently unavailable)
rElec   .          Harm     .   (cloak currently unavailable)
rCorr   +          Rampage  .   (gloves currently unavailable)
Will    ++...      NoTele   +   (boots currently unavailable)
Stlth   ++++......              K - amulet of regeneration
HPRegen 1.11/turn               M - ring of see invisible
MPRegen 0.19/turn               f - +4 ring of evasion

@: tree-form, studying Shields
A: stationary, stasis, torment immunity, boosted hp, (fangs 1), hated by all,
cowardly, inexperienced 1, strong nose, distributed training, clumsy 1, (cold
resistance 1), (poison resistance)
a: Renounce Religion, Draw Out Power, Power Leap, Apocalypse


You were on level 2 of the Lair of Beasts.
You worshipped Ru.
Ru was extremely pleased with you.
You were a tree.
You visited 3 branches of the dungeon, and saw 15 of its levels.

You collected 730 gold pieces.
You spent 12 gold pieces at shops.

Inventory:

Hand Weapons
 h - the +11 hunting sling "Antalaj" (weapon) {freeze, Will++ rCorr Int+3 Dex+4}
   (You found it on level 2 of the Dungeon)

   Any ammunition fired from it freezes those it strikes, dealing additional
   cold damage.
   It can also slow down cold-blooded creatures.
   Int:       It affects your intelligence (+3).
   Dex:       It affects your dexterity (+4).
   rCorr:     It protects you from acid and corrosion.
   Will:      It greatly increases your willpower.
Missiles
 g - 272 stones (quivered ammo)
 k - a throwing net
 A - 2 curare-tipped darts
 E - 45 sling bullets
 V - 13 boomerangs
 X - 13 poisoned darts
Armour
 j - a scarf of repulsion (melded)
 F - a +1 pair of gloves (melded)
 P - +0 acid dragon scales (melded)
 Z - a +2 cloak
Magical Staves
 b - a staff of earth
Jewellery
 a - a ring of willpower
 f - a +4 ring of evasion (right branch)
 i - an amulet of magic regeneration
 y - a ring of ice
 K - an amulet of regeneration (around neck)
 M - a ring of see invisible (left branch)
 S - an amulet of reflection
Wands
 t - a wand of flame (44)
 w - a wand of digging (6)
 B - a wand of iceblast (5)
 J - a wand of mindburst (3)
 Y - a wand of acid (2)
Scrolls
 c - a scroll of holy word {unknown}
 d - a scroll of noise {unknown}
 l - a scroll of fear
 m - a scroll of fog
 q - a scroll of summoning {unknown}
 r - a scroll of acquirement {unknown}
 s - 3 scrolls of teleportation
 v - a scroll of torment {unknown}
 D - 3 scrolls of amnesia
 G - a scroll of silence
 H - a scroll of enchant armour
 I - 4 scrolls of vulnerability
 L - 3 scrolls of enchant weapon
Potions
 e - a potion of mutation
 o - 2 potions of degeneration {unknown}
 p - a potion of curing
 u - 6 potions of flight
 x - 2 potions of berserk rage {unknown}
 z - 3 potions of lignification
 C - 3 potions of haste
 N - 2 potions of attraction {unknown}
 O - a potion of invisibility {unknown}
 T - a potion of magic {unknown}
 U - a potion of might {unknown}
 W - 3 potions of ambrosia {unknown}
Miscellaneous
 Q - a condenser vane (inert)
 R - a piece from Xom's chessboard (15/15)


   Skills:
 + Level 8.3 Fighting
 + Level 7.8 Short Blades
 + Level 7.8 Long Blades
 + Level 7.8 Axes
 + Level 7.8 Maces & Flails
 + Level 7.8 Polearms
 + Level 7.8 Staves
 + Level 7.8 Slings
 + Level 7.8 Bows
 + Level 7.8 Crossbows
 + Level 7.8 Throwing
 + Level 7.8 Armour
 + Level 9.1 Dodging
 + Level 7.8 Stealth
 + Level 10.6 Shields
 + Level 10.2 Unarmed Combat
 + Level 9.4 Spellcasting
 + Level 6.5 Conjurations
 + Level 6.5 Hexes
   Level 0.0 Summonings
 + Level 6.5 Necromancy
 + Level 6.5 Translocations
 + Level 7.6 Transmutations
 + Level 6.5 Fire Magic
 + Level 6.5 Ice Magic
 + Level 6.5 Air Magic
 + Level 6.5 Earth Magic
 + Level 6.5 Poison Magic
 + Level 8.6 Invocations
 + Level 7.8 Evocations


You had 11 spell levels left.
You knew the following spells:

 Your Spells              Type           Power      Damage    Failure   Level
b - Spider Form           Tmut/Pois      39%        N/A       1%          3
c - Ice Form              Ice/Tmut       39%        N/A       3%          4
d - Mephitic Cloud        Conj/Pois/Air  37%        N/A       1%          3
e - Ignite Poison         Fire/Tmut/Pois 38%        N/A       1%          3
f - Hailstorm             Conj/Ice       37%        3d9       4%          4

Your spell library contained the following spells:

 Spells                   Type           Power      Damage    Failure   Level
 Beastly Appendage        Tmut           84%        N/A       1%          1
 Freeze                   Ice            100%       1d11      1%          1
 Magic Dart               Conj           100%       1d8       1%          1
 Searing Ray              Conj           74%        2d7       1%          2
 Wereblood                Tmut           42%        N/A       1%          2
 Conjure Flame            Conj/Fire      37%        6-21      1%          3
 Frozen Ramparts          Ice            74%        1d9       1%          3
 Portal Projectile        Hex/Tloc       74%        N/A       1%          3
 Fulminant Prism          Conj/Hex       18%        3d11      4%          4
 Leda's Liquefaction      Hex/Erth       18%        N/A       4%          4
 Sticky Flame             Conj/Fire      37%        2d6       4%          4
 Freezing Cloud           Conj/Ice/Air   18%        6-21      13%         5
 Call Canine Familiar     Summ           Unusable   N/A       N/A         3

Dungeon Overview and Level Annotations

Branches:
Dungeon (10/15)            Temple (1/1) D:4            Lair (4/6) D:10
  Swamp (0/4) Lair:2        Snake (0/4) Lair:3
    Orc: D:9-12

Altars:
Ashenzari
Dithmenos
Elyvilon
Fedhas
Gozag
Hepliaklqana
Kikubaaqudgha
Makhleb
Nemelex Xobeh
Okawaru
Qazlal
Ru
Sif Muna
Uskayaw
Vehumet
Wu Jian
Xom
Yredelemnul
Zin
The Shining One

Shops:
D:6 (

Annotations:
D:7 1 transporter
D:10 2 runed translucent doors
Lair:1 exclusion: 2 downstairs
Lair:2 2 transporters, Ajec's ghost, journeyman OgCA; Harold
Lair:4 exclusions: 2 death yaks and oklob plant


Innate Abilities, Weirdness & Mutations

You are a tree.
Your roots penetrate the ground, keeping you stationary.
You cannot be teleported.
You are immune to unholy pain and torment.
Your maximum health is greatly increased.
Your equipment is partially melded.
((You have very sharp teeth.))
You are hated by all.
Your cowardice makes you less effective in combat with threatening foes.
You are somewhat inexperienced. (-2 XL)
Your uncanny sense of smell can sniff out nearby items.
Your experience applies equally to all skills.
You are clumsy. (Dex -2)
((Your flesh is cold resistant. (rC+)))
((Your system is resistant to poisons. (rPois)))


Message History

Fire: 277 stones
Press: ? - help, Q - select action, (/) - cycle Shift-Dir - straight line, f/p - cane toad
Aim: a cane toad (moderately wounded, slow, softly glowing, 88% to hit)
You shoot a stone.
The stone completely misses the cane toad.
The cane toad stings you!
* * * LOW HITPOINT WARNING * * *
You feel better.
Fire: 276 stones
Press: ? - help, Q - select action, (/) - cycle Shift-Dir - straight line, f/p - cane toad
Aim: a cane toad (moderately wounded, slow, softly glowing, 88% to hit)
You shoot a stone. The stone hits the cane toad!
The cane toad seems to slow down.
The stone freezes the cane toad.
The cane toad is severely wounded.
The cane toad stings you but does no damage.
Fire: 275 stones
Press: ? - help, Q - select action, (/) - cycle Shift-Dir - straight line, f/p - cane toad
Aim: a cane toad (severely wounded, slow, softly glowing, 88% to hit)
You shoot a stone.
The stone hits the cane toad but does no damage.
The cane toad is severely wounded.
The cane toad stings you.
* * * LOW HITPOINT WARNING * * *
Fire: 274 stones
Press: ? - help, Q - select action, (/) - cycle Shift-Dir - straight line, f/p - cane toad
Aim: a cane toad (severely wounded, slow, softly glowing, 88% to hit)
You shoot a stone. The stone hits the cane toad!
The cane toad seems to slow down.
The stone freezes the cane toad.
The cane toad is almost dead.
The cane toad stops glowing.
Fire: 273 stones
Press: ? - help, Q - select action, (/) - cycle Shift-Dir - straight line, f/p - cane toad
Aim: a cane toad (almost dead, slow, 77% to hit)
You shoot a stone.
The stone hits the cane toad but does no damage.
The cane toad is almost dead.
The cane toad stings you!
You die...

.................####............
.................####.#..........
..#..............##.##..##..#....
....##..P..#..P.....##..#######..
........................# #..
...............+..##....## #..
..............#....#.....# #..
.......###.##.P..........# #..
[......##.##....♣(.#....## ##..
...[...### ##.#.F.†#....# #...
.......#### #.#...>.....## ###...
........#.###.#....#.....###P##..
................(................
................#P.P..P....#.....
....P...#.............#........#+
....P.................#..........
......................#....+...P.


You could see a cane toad (slow).

Vanquished Creatures
  4 hydras
  A two-headed ogre (D:10)
  A skeletal warrior (D:9)
  An oklob plant (Lair:1)
  An orc knight (D:10)
  A manticore (D:8)
  A will-o-the-wisp (Lair:2)
  4 black mambas (Lair:3)
  Maurice (D:10)
  A gargoyle (D:10)
  2 cane toads
  2 komodo dragons
  The ghost of crimpus the Skirmisher, an amateur MiAK of Lugonu (D:4)
  2 trolls
  2 polar bears (Lair:4)
  11 blink frogs
  Sigmund (D:3)
  A vampire (D:10)
  2 wyverns (D:10)
  24 yaks
  A basilisk (D:10)
  A steam dragon (D:6)
  3 acid dragons
  13 water moccasins
  A sky beast (D:6)
  2 black bears
  4 ice beasts
  5 orc warriors
  2 necrophages
  5 centaurs
  5 phantoms
  An ogre (D:5)
  4 kobold brigands
  3 wyvern zombies
  4 scorpions
  6 bullfrogs
  A water moccasin skeleton (D:7)
  8 killer bees
  4 wights (D:9)
  A howler monkey (D:9)
  A bullfrog zombie (D:5)
  4 centaur zombies
  2 jellies
  Crazy Yiuf (D:3)
  5 hounds
  A gnoll shaman (D:7)
  7 orc priests
  A bullfrog skeleton (D:6)
  2 centaur skeletons
  Terence (D:3)
  9 orc wizards
  2 iguanas
  Robin (D:3)
  2 howler monkey zombies (D:9)
  11 gnolls
  12 adders
  An ufetubus (D:4)
  An adder skeleton (D:4)
  2 worms
  3 dart slugs
  31 orcs
  6 bats
  3 endoplasms
  3 giant cockroaches
  11 goblins
  6 hobgoblins
  7 jackals
  3 quokkas
  3 ball pythons
  5 frilled lizards
  13 kobolds
  7 rats
305 creatures vanquished.

Vanquished Creatures (others)
  A water moccasin (D:6)
  An orc wizard (D:9)
  An endoplasm (D:4)
  A goblin (D:3)
  2 bushes (D:10)
  6 foxfires (Lair:2)
  14 fungi
  38 plants
64 creatures vanquished.

Grand Total: 369 creatures vanquished

Notes
Turn   | Place    | Note
-------+----------+-------------------------------------------
     0 | D:1      | themarg the Gnoll Transmuter began the quest for the Orb.
     0 | D:1      | Reached XP level 1. HP: 17/17 MP: 6/6
   121 | D:1      | Upgraded the game from 0.28.0-43-g3370ac3207 to
                  | 0.28.0-45-g0d030f2227
   146 | D:1      | Reached XP level 2. HP: 20/23 MP: 7/7
   561 | D:1      | Reached XP level 3. HP: 28/28 MP: 7/9
   564 | D:1      | Reached skill level 5 in Spellcasting
   748 | D:1      | Found a faded altar of an unknown god.
   898 | D:1      | Reached skill level 1 in Invocations
  1384 | D:2      | Identified the +11 hunting sling "Antalaj" {freeze, Will++
                  | rCorr Int+3 Dex+4}
  1472 | D:2      | Reached skill level 1 in Short Blades
  1472 | D:2      | Reached skill level 1 in Long Blades
  1472 | D:2      | Reached skill level 1 in Axes
  1472 | D:2      | Reached skill level 1 in Maces & Flails
  1472 | D:2      | Reached skill level 1 in Polearms
  1472 | D:2      | Reached skill level 1 in Staves
  1472 | D:2      | Reached skill level 1 in Slings
  1472 | D:2      | Reached skill level 1 in Bows
  1472 | D:2      | Reached skill level 1 in Crossbows
  1472 | D:2      | Reached skill level 1 in Throwing
  1472 | D:2      | Reached skill level 1 in Armour
  1472 | D:2      | Reached skill level 1 in Stealth
  1472 | D:2      | Reached skill level 1 in Shields
  1472 | D:2      | Reached skill level 1 in Evocations
  1577 | D:2      | Reached XP level 4. HP: 34/34 MP: 11/11
  1618 | D:2      | Reached skill level 1 in Conjurations
  1618 | D:2      | Reached skill level 1 in Hexes
  1618 | D:2      | Reached skill level 1 in Summonings
  1618 | D:2      | Reached skill level 1 in Necromancy
  1618 | D:2      | Reached skill level 1 in Translocations
  1618 | D:2      | Reached skill level 1 in Fire Magic
  1618 | D:2      | Reached skill level 1 in Ice Magic
  1618 | D:2      | Reached skill level 1 in Air Magic
  1618 | D:2      | Reached skill level 1 in Earth Magic
  1618 | D:2      | Reached skill level 1 in Poison Magic
  1690 | D:2      | Reached XP level 5. HP: 39/40 MP: 12/12
  2362 | D:3      | Noticed Sigmund
  2444 | D:3      | Found a sacrificial altar of Ru.
  2511 | D:3      | Became a worshipper of Ru the Awakened
  2549 | D:3      | Learned a level 3 spell: Spider Form
  2974 | D:3      | Found a glowing golden altar of the Shining One.
  3021 | D:3      | Noticed Terence
  3022 | D:3      | Killed Sigmund
  3023 | D:3      | Reached skill level 5 in Dodging
  3023 | D:3      | Reached XP level 6. HP: 47/47 MP: 14/14
  3032 | D:3      | Killed Terence
  3255 | D:3      | Found a runed translucent door.
  3256 | D:3      | Noticed Crazy Yiuf
  3264 | D:3      | Killed Crazy Yiuf
  3321 | D:3      | Reached XP level 7. HP: 52/52 MP: 15/15
  3321 | D:3      | Noticed Robin
  3327 | D:3      | Killed Robin
  3585 | D:3      | Found a hide-covered altar of Uskayaw.
  3854 | D:4      | Gained mutation: You are hated by all. [Ru sacrifice]
  3854 | D:4      | Reached * piety under Ru
  3886 | D:4      | Noticed crimpus's ghost (amateur MiAK)
  3890 | D:4      | Found a transporter.
  3901 | D:4      | Found a transporter.
  4105 | D:4      | Found a shimmering altar of Xom.
  4105 | D:4      | Found a broken altar of Ashenzari.
  4540 | D:4      | Noticed a yak
  4546 | D:4      | Killed a yak
  4547 | D:4      | Reached XP level 8. HP: 60/60 MP: 16/16
  4954 | D:4      | Found a staircase to the Ecumenical Temple.
  5070 | Temple   | Entered the Ecumenical Temple
  5225 | D:5      | Entered Level 5 of the Dungeon
  6112 | D:5      | Reached skill level 5 in Transmutations
  6112 | D:5      | Reached XP level 9. HP: 15/66 MP: 18/18
  7010 | D:5      | Found a white marble altar of Elyvilon.
  7104 | D:6      | Found Tivy's Weapon Shop.
  7138 | D:6      | Reached skill level 5 in Shields
  7147 | D:6      | Reached skill level 5 in Fighting
  7384 | D:6      | Gained mutation: You are somewhat inexperienced. (-2 XL)
                  | [Ru sacrifice]
  7384 | D:6      | Reached XP level 8. HP: 62/62 MP: 18/18
  7384 | D:6      | Reached XP level 7. HP: 56/56 MP: 17/17
  7384 | D:6      | Reached ** piety under Ru
  7384 | D:6      | Reached *** piety under Ru
  7742 | D:6      | Reached skill level 5 in Invocations
  7971 | D:6      | Found a stormy altar of Qazlal.
  8889 | D:7      | Reached XP level 8. HP: 63/63 MP: 18/18
  9455 | D:7      | Reached skill level 5 in Short Blades
  9455 | D:7      | Reached skill level 5 in Long Blades
  9455 | D:7      | Reached skill level 5 in Axes
  9455 | D:7      | Reached skill level 5 in Maces & Flails
  9455 | D:7      | Reached skill level 5 in Polearms
  9455 | D:7      | Reached skill level 5 in Staves
  9455 | D:7      | Reached skill level 5 in Slings
  9455 | D:7      | Reached skill level 5 in Bows
  9455 | D:7      | Reached skill level 5 in Crossbows
  9455 | D:7      | Reached skill level 5 in Throwing
  9455 | D:7      | Reached skill level 5 in Armour
  9455 | D:7      | Reached skill level 5 in Stealth
  9455 | D:7      | Reached skill level 5 in Evocations
 10731 | D:7      | Found a sparkling altar of Nemelex Xobeh.
 10731 | D:7      | Found a transporter.
 10731 | D:7      | Noticed a cyan ugly thing
 10732 | D:7      | Noticed a cyclops
 10854 | D:8      | Found a burning altar of Makhleb.
 11276 | D:8      | Noticed a manticore
 11283 | D:8      | Killed a manticore
 11667 | D:8      | Found an ancient bone altar of Kikubaaqudgha.
 11682 | D:9      | Noticed a skeletal warrior
 12284 | D:9      | Killed a skeletal warrior
 13044 | D:9      | Learned a level 4 spell: Ice Form
 13167 | D:9      | Reached XP level 9. HP: 71/71 MP: 20/20
 13863 | D:10     | Entered Level 10 of the Dungeon
 13899 | D:10     | Reached skill level 5 in Conjurations
 13899 | D:10     | Reached skill level 5 in Hexes
 13899 | D:10     | Reached skill level 5 in Necromancy
 13899 | D:10     | Reached skill level 5 in Translocations
 13899 | D:10     | Reached skill level 5 in Fire Magic
 13899 | D:10     | Reached skill level 5 in Ice Magic
 13899 | D:10     | Reached skill level 5 in Air Magic
 13899 | D:10     | Reached skill level 5 in Earth Magic
 13899 | D:10     | Reached skill level 5 in Poison Magic
 13899 | D:10     | Found a large runed translucent door.
 13904 | D:10     | Found a large runed translucent door.
 14024 | D:10     | Noticed an orc knight
 14062 | D:10     | Killed an orc knight
 14825 | D:10     | Found a staircase to the Lair.
 14846 | D:10     | Noticed Maurice
 14926 | D:10     | Noticed a two-headed ogre
 14945 | D:9      | Gained mutation: Your flesh is cold resistant. (rC+)
                  | [potion of mutation]
 14945 | D:9      | Gained mutation: Your system is resistant to poisons.
                  | (rPois) [potion of mutation]
 14945 | D:9      | Gained mutation: You are clumsy. (Dex -2) [potion of
                  | mutation]
 15630 | D:10     | Killed Maurice
 15864 | D:10     | Killed a two-headed ogre
 16229 | D:4      | Killed crimpus's ghost
 16732 | Lair:1   | Entered Level 1 of the Lair of Beasts
 16786 | Lair:1   | Noticed a seven-headed hydra
 16797 | Lair:1   | HP: 3/72 [seven-headed hydra (9)]
 16803 | Lair:1   | Killed a seven-headed hydra
 16937 | Lair:1   | Learned a level 3 spell: Mephitic Cloud
 16941 | Lair:1   | Learned a level 3 spell: Ignite Poison
 16946 | Lair:1   | Learned a level 4 spell: Hailstorm
 16981 | Lair:1   | Reached XP level 10. HP: 79/79 MP: 13/22
 18459 | D:6      | Bought 3 poisoned darts for 12 gold pieces
 18636 | Lair:2   | Noticed Harold
 18738 | Lair:2   | Noticed a six-headed hydra
 18750 | Lair:2   | Killed a six-headed hydra
 18938 | Lair:2   | Reached skill level 10 in Shields
 19037 | Lair:2   | You fall into a shaft and drop 2 floors!
 19181 | Lair:4   | Noticed a four-headed hydra
 19204 | Lair:4   | Killed a four-headed hydra
 19204 | Lair:4   | Noticed a death yak
 19205 | Lair:4   | Reached skill level 10 in Unarmed Combat
 19342 | Lair:4   | Noticed a death yak
 19569 | Lair:4   | Noticed a five-headed hydra
 19579 | Lair:4   | Killed a five-headed hydra
 19853 | Lair:3   | Noticed a four-headed hydra
 19862 | Lair:2   | Gained mutation: Your cowardice makes you less effective in
                  | combat with threatening foes. [Ru sacrifice]
 19862 | Lair:2   | Reached **** piety under Ru
 19862 | Lair:2   | Reached ***** piety under Ru
 20124 | Lair:2   | Found a staircase to the Swamp.
 20200 | Lair:2   | Found a transporter.
 20201 | Lair:2   | Found a transporter.
 20441 | Lair:2   | Noticed Ajec's ghost (journeyman OgCA)
 20689 | Lair:2   | Reached XP level 11. HP: 8/86 MP: 22/24
 20691 | Lair:2   | HP: 2/129 [cane toad (9)]
 20696 | Lair:2   | Slain by a cane toad

Illustrated notes

Levels and vault maps discovered:
D:1:      psy_arrival_statuary, layout_loops_ring,
          hellmonk_ecumenical_altar_pennies_from_heaven
D:2:      layout_loops_corners, minmay_misc_feat_nine_boxes, bh_walls_and_bars
D:3:      layout_basic, mainiacjoe_overflow_surrounded_room,
          mainiacjoe_overflow_brackets, hangedman_ru_absence, uniq_sigmund,
          uniq_terence, uniq_crazy_yiuf_cottage, uniq_robin
D:4:      layout_gridville, gammafunk_temple_overflow_elements,
          gammafunk_ghost_arena, minmay_manual_mess
D:5:      layout_basic, mainiacjoe_overflow_alcove_4, guppyfry_early_lair_pool
D:6:      layout_layer_cave, grunt_temple_overflow_forces_of_nature,
          serial_shops, nicolae_shop_trees, kennysheep_generic_room_7
D:7:      layout_loops_ring, grunt_nemelex_the_gamble, grunt_tough_drop
D:8:      layout_basic, mainiacjoe_overflow_tiny_flanked,
          nicolae_overflow_hidden_temple
D:9:      minmay_s_stair_smasher, layout_basic
D:10:     layout_irregular_city, jmf_multi_god_temple2, minmay_lair_entry_grove,
          uniq_maurice
Temple:   nicolae_temple_figure_zero
Lair:1:   layout_layer_cave, nicolae_lair_grove_arrangements,
          minmay_lair_oklob_bushes
Lair:2:   layout_chaotic_city, minmay_swamp_entry_wisps, gammafunk_ghost_hive,
          uniq_harold
Lair:3:   layout_hall_layers, minmay_snake_entry_six_corridors, st_stairs_11
Lair:4:   nzn_winding_woodlands_medium [nzn_winding_woodlands_5x5_cross,
          nzn_winding_woodlands_5x15_pockets, nzn_winding_woodlands_hourglass,
          nzn_winding_woodlands_5x5_three,
          nzn_winding_woodlands_center_triple_pond,
          nzn_winding_woodlands_5x5_open_star,
          nzn_winding_woodlands_5x5_closed_star,
          nzn_winding_woodlands_5x15_longhouse,
          nzn_winding_woodlands_5x5_checkerboard], layout_cellular_growth,
          lemuel_fruit_tree

Skill      XL: |  1  2  3  4  5  6  7  8  9 10 |
---------------+-------------------------------+-----
Spellcasting   | 5 7 6 8 9 |  9.4
Invocations    | 1 2 5 6 7 8 |  8.6
Short Blades   | 1 2 3 5 6 7 |  7.8
Long Blades    | 1 2 3 5 6 7 |  7.8
Axes           | 1 2 3 5 6 7 |  7.8
Maces & Flails | 1 2 3 5 6 7 |  7.8
Polearms       | 1 2 3 5 6 7 |  7.8
Staves         | 1 2 3 5 6 7 |  7.8
Slings         | 1 2 3 5 6 7 |  7.8
Bows           | 1 2 3 5 6 7 |  7.8
Crossbows      | 1 2 3 5 6 7 |  7.8
Throwing       | 1 2 3 5 6 7 |  7.8
Armour         | 1 2 3 5 6 7 |  7.8
Stealth        | 1 2 3 5 6 7 |  7.8
Shields        | 1 2 6 7 9 10 | 10.6
Evocations     | 1 2 3 5 6 7 |  7.8
Conjurations   | 1 2 4 5 6 |  6.5
Hexes          | 1 2 4 5 6 |  6.5
Summonings     | 1 0 |  0.0
Necromancy     | 1 2 4 5 6 |  6.5
Translocations | 1 2 4 5 6 |  6.5
Fire Magic     | 1 2 4 5 6 |  6.5
Ice Magic      | 1 2 4 5 6 |  6.5
Air Magic      | 1 2 4 5 6 |  6.5
Earth Magic    | 1 2 4 5 6 |  6.5
Poison Magic   | 1 2 4 5 6 |  6.5
Fighting       | 3 4 6 7 8 |  8.3
Transmutations | 4 6 7 |  7.6
Dodging        | 5 7 8 9 |  9.1
Unarmed Combat | 7 9 10 | 10.2

Action                   |  1- 3 |  4- 6 |  7- 9 | 10-12 || total
-------------------------+-------+-------+-------+-------++-------
Melee: Unarmed           |    35 |       |   155 |    73 ||   263
       Bite              |    11 |       |       |     3 ||    14
       Headbutt          |    13 |       |       |       ||    13
       Dagger            |    56 |       |       |       ||    56
       Kick              |    13 |       |       |       ||    13
       Punch             |     1 |       |       |     2 ||     3
       Hunting sling     |       |       |       |     5 ||     5
 Fire: Hunting sling     |     4 |    73 |   568 |   130 ||   775
 Cast: Beastly Appendage |    10 |       |     1 |       ||    11
       Spider Form       |       |       |    10 |     2 ||    12
       Ice Form          |       |       |     6 |     9 ||    15
       Mephitic Cloud    |       |       |     2 |    24 ||    26
       Ignite Poison     |       |       |     1 |     6 ||     7
       Hailstorm         |       |       |       |     1 ||     1
Invok: Sacrifice Love    |       |       |     1 |       ||     1
       Sacrifice Experie |       |       |     1 |       ||     1
       Draw Out Power    |       |       |     4 |     3 ||     7
       Reject Sacrifices |       |       |     1 |       ||     1
       Sacrifice Courage |       |       |       |     1 ||     1
Evoke: Wand              |       |       |    11 |     5 ||    16
       Condenser vane    |       |       |     2 |     2 ||     4
  Use: Scroll            |       |       |     8 |    11 ||    19
       Potion            |       |       |     6 |     3 ||     9
 Stab: Invisible         |       |       |     1 |       ||     1
       Confused          |       |       |       |     3 ||     3
Armor: Robe              |    12 |       |       |       ||    12
       Scale mail        |       |       |    21 |       ||    21
       Leather armour    |       |       |     3 |       ||     3
       Ring mail         |       |       |     2 |       ||     2
       Skin              |       |       |    16 |    25 ||    41
       Acid dragon scale |       |       |     9 |     2 ||    11
Dodge: Dodged            |    54 |     8 |   232 |    91 ||   385
       Repelled          |       |       |     2 |     3 ||     5
